 Dungeon Crawl Stone Soup version 0.20-a0-1127-g1289703 (webtiles) character file.

48 Manul the Ruffian (level 3, -5/36 HPs)
             Began as a Troll Monk on May 18, 2017.
             Was a Believer of Nemelex Xobeh.
             Slain by a scorpion (8 damage)
             ... on level 3 of the Dungeon.
             The game lasted 00:01:11 (986 turns).

Manul the Ruffian (Troll Monk)                       Turns: 986, Time: 00:01:11

Health: -5/36      AC:  5    Str: 19    XL:     3   Next: 50%
Magic:  2/2        EV: 10    Int:  7    God:    Nemelex Xobeh [**....]
Gold:   52         SH:  4    Dex: 12    Spells: 2/2 levels left

rFire    . . .     SeeInvis .     - Unarmed
rCold    . . .     Gourm    +   (no shield)
rNeg     . . .     Faith    .   a - +0 robe
rPois    .         Spirit   .   (helmet restricted)
rElec    .         Reflect  +   (no cloak)
rCorr    .         Harm     .   (gloves unavailable)
MR       .....                  (boots unavailable)
Stlth    ++........             l - +4 amulet of reflection
Regen    0.6/turn               (no ring)
MPRegen  0.1/turn               (no ring)

@: no status effects
A: unfitting armour, claws 3, fast metabolism 3, gourmand, regeneration 1,
shaggy fur 1, tough skin 2
a: Renounce Religion


You were on level 3 of the Dungeon.
You worshipped Nemelex Xobeh.
Nemelex Xobeh was pleased with you.
You were very full.

You visited 1 branch of the dungeon, and saw 3 of its levels.

You collected 52 gold pieces.

Inventory:

Armour
 a - a +0 robe (worn)
Jewellery
 g - a +4 amulet of reflection
 l - a +4 amulet of reflection (around neck)
 v - an uncursed ring of stealth {unknown}
Scrolls
 e - a scroll of enchant weapon {unknown}
 f - a scroll of remove curse {unknown}
 h - a scroll of recharging {unknown}
 s - a scroll of amnesia {unknown}
 t - a scroll of blinking {unknown}
 u - a scroll of teleportation {unknown}
Potions
 c - a potion of magic {unknown}
 d - 2 potions of curing {unknown}
 i - a potion of flight {unknown}
 p - 2 potions of invisibility {unknown}
 q - a potion of lignification {unknown}
 r - a potion of mutation {unknown}
Miscellaneous
 m - an ornate deck of summoning
 n - a plain deck of destruction
 o - a plain deck of escape
Comestibles
 b - 2 bread rations
 j - 3 chunks of flesh
 k - a meat ration


   Skills:
 + Level 2.7 Fighting
 + Level 2.8 Dodging
 + Level 1.1 Stealth
 + Level 3.8 Unarmed Combat


You had 2 spell levels left.
You didn't know any spells.

Dungeon Overview and Level Annotations

Branches:
Dungeon (3/15)

Altars:
Nemelex Xobeh


Innate Abilities, Weirdness & Mutations

You are too large for most types of armour.
You have claws for hands.
Your metabolism is lightning-fast.
You like to eat raw meat.
Your natural rate of healing is unusually fast.
You are covered in fur. (AC +1)
You have very tough skin. (AC +2)


Message History

The kobold hits you.
* * * LOW HITPOINT WARNING * * *
The rat bites you.
* * * LOW HITPOINT WARNING * * *
The ooze hits you.
* * * LOW HITPOINT WARNING * * *
The scorpion barely misses you. The kobold hits you but does no damage.
The rat barely misses you. The ooze barely misses you. The scorpion misses you.
The kobold closely misses you. You block the rat's attack. The ooze hits you.
* * * LOW HITPOINT WARNING * * *
The scorpion stings you but does no damage.
The kobold hits you but does no damage. The rat bites you but does no damage.
The ooze hits you.
* * * LOW HITPOINT WARNING * * *
The scorpion closely misses you. The kobold completely misses you.
The ooze completely misses you. You block the rat's attack.
The scorpion stings you!
You die...
Your body disappears without a glow.

.....#
.....#
.....+
###+#.!...#
..........
#).......#
#.JK.....#
#.@s...>.#
#..r.....#
##+#.....#
######


You could see a scorpion, an ooze, a kobold and a rat.

Vanquished Creatures
  Robin (D:2)
  2 dart slugs
  13 goblins
  3 hobgoblins
  4 kobolds
  A ball python (D:1)
  3 frilled lizards (D:1)
  6 rats
33 creatures vanquished.

Notes
Turn   | Place    | Note
-------+----------+-------------------------------------------
     0 | D:1      | Manul the Troll Monk began the quest for the Orb.
     0 | D:1      | Reached XP level 1. HP: 22/22 MP: 0/0
   157 | D:1      | Reached XP level 2. HP: 29/29 MP: 1/1
   680 | D:2      | Noticed Robin
   687 | D:2      | Killed Robin
   687 | D:2      | Reached XP level 3. HP: 34/36 MP: 2/2
   730 | D:2      | Found a faded altar of an unknown god.
   761 | D:2      | Became a worshipper of Nemelex Xobeh the Trickster
   761 | D:2      | Received a gift from Nemelex Xobeh
   761 | D:2      | Reached * piety under Nemelex Xobeh
   761 | D:2      | Received a gift from Nemelex Xobeh
   761 | D:2      | Reached ** piety under Nemelex Xobeh
   761 | D:2      | Received a gift from Nemelex Xobeh
   969 | D:3      | Noticed a scorpion
   986 | D:3      | Slain by a scorpion

Vault maps used:
D:1:      lemuel_arrival_behind_the_door_large, minmay_door_square
D:2:      chequers_ecumenical_altar_simple, uniq_robin

Action                   || total
-------------------------++-------
Melee: Unarmed           ||    80
 Stab: Sleeping          ||     2
  Eat: Chunk             ||    14
Armor: Robe              ||    47
Dodge: Dodged            ||    76
Block: Other             ||    11
